 Dungeon Crawl Stone Soup version 0.26-a0-712-ga5a9c9c9d0 (webtiles) character file.

Game seed: 9021820726476679364

203 kae the Changer (level 5, -1/44 HPs)
             Began as a Naga Transmuter on Nov 4, 2020.
             Was an Initiate of Cheibriados.
             Killed by divine providence
             ... invoked by an orc priest
              (10 damage)
             ... on level 4 of the Dungeon.
             The game lasted 00:02:30 (3905 turns).

kae the Changer (Naga Transmuter)                   Turns: 3905, Time: 00:02:30

Health: -1/44      AC:  2    Str: 14    XL:     5   Next: 81%
Magic:  8/8        EV: 10    Int: 14    God:    Cheibriados [......]
Gold:   191        SH:  0    Dex: 13    Spells: 4/8 levels left

rFire    . . .     SeeInvis +     - Unarmed
rCold    . . .     Faith    .   (no shield)
rNeg     . . .     Spirit   .   a - +0 robe
rPois    +         Reflect  .   (no helmet)
rElec    .         Harm     .   (no cloak)
rCorr    .         Rampage  .   (no gloves)
MR       +....                  (no barding)
Stlth    +.........             (no amulet)
HPRegen  0.14/turn              n - ring of protection from magic
MPRegen  0.11/turn              l - ring of see invisible

@: very slow
A: large, see invisible, deformed body, poison resistance, slowness 2, spit
poison 1, AC +1
a: Spit Poison, Bend Time, Renounce Religion


You were on level 4 of the Dungeon.
You worshipped Cheibriados.
Cheibriados was noncommittal.
You visited 1 branch of the dungeon, and saw 4 of its levels.

You collected 191 gold pieces.

Inventory:

Armour
 a - a +0 robe (worn)
Jewellery
 i - an uncursed ring of flight
 l - a ring of see invisible (right hand)
 n - a ring of protection from magic (left hand)
Scrolls
 b - 2 scrolls of teleportation
 c - 2 scrolls of remove curse
 d - 2 scrolls of blinking
 e - 2 scrolls of identify
 f - a scroll of enchant armour
 j - a scroll of noise
Potions
 h - 2 potions of heal wounds
 k - 2 potions of stabbing
 m - a potion of curing


   Skills:
 - Level 1.0 Fighting
 - Level 1.5 Dodging
 + Level 4.0 Unarmed Combat
 + Level 2.0 Spellcasting
 * Level 4.4 Transmutations
 - Level 3.0 Poison Magic


You had 4 spell levels left.
You knew the following spells:

 Your Spells              Type           Power        Failure   Level
a - Beastly Appendage     Tmut           ##....       3%          1
b - Spider Form           Tmut/Pois      ##........   16%         3

Your spell library contained the following spells:

 Spells                   Type           Power        Failure   Level
 Wereblood                Tmut           ##......     6%          2
 Ice Form                 Ice/Tmut       #.......     67%         4
 Blade Hands              Tmut           ##........   71%         5


Dungeon Overview and Level Annotations

Branches:
Dungeon (4/15)
 Temple: D:4-7

Altars:
Ashenzari
Cheibriados
Qazlal
Sif Muna
Trog
Uskayaw
Yredelemnul


Innate Abilities, Weirdness & Mutations

You cannot wear boots.
Your serpentine skin is tough. (AC +1)
You have supernaturally acute eyesight. (SInv)
Armour fits poorly on your strangely shaped body.
Your system is resistant to poisons. (rPois)
You cover ground very slowly.
You can spit poison.


Message History

An orc priest comes into view. It is wielding a +0 hand axe.
An orc priest comes into view. It is wielding a +0 dagger.
The orc wizard points at you and mumbles some strange words.
The magic dart hits you!
The orc priest shouts!
There are monsters nearby!
There are monsters nearby!
The orc wizard casts a spell.
The orc wizard blinks!
The orc priest mumbles some strange prayers to Beogh against you.
You easily resist.
The orc priest mumbles some strange prayers to Beogh against you.
Beogh smites you!
An orc priest comes into view. It is wielding a +0 flail.
The orc priest calls down the wrath of Beogh upon you.
Beogh smites you!
* * * LOW HITPOINT WARNING * * *
The orc priest invokes the aid of Beogh against you.
Beogh smites you!
You die...

########......#
.............##
#.####......# ..
#.####......# ....
#.##......>....
.....##.##†..........
.............#####....
.....##..........#....
... #.......@..# ## .
#...##.##..#
......#...#..#
##......_....).
...#..#...#[....
....#..##.##o...o.#
.####........o.§..#
... .......o ##
........##


You could see 3 orc priests and an orc wizard.

Vanquished Creatures
  An orc priest (D:3)
  Robin (D:3)
  7 adders
  A worm (D:2)
  4 dart slugs
  2 leopard geckos (D:2)
  7 orcs
  3 giant cockroaches
  11 goblins
  9 hobgoblins
  6 jackals
  3 quokkas
  A ball python (D:2)
  8 bats
  A frilled lizard (D:3)
  9 kobolds
  4 rats
78 creatures vanquished.

Notes
Turn   | Place    | Note
-------+----------+-------------------------------------------
     0 | D:1      | kae the Naga Transmuter began the quest for the Orb.
     0 | D:1      | Reached XP level 1. HP: 18/18 MP: 3/3
   326 | D:1      | Reached XP level 2. HP: 24/25 MP: 3/5
   815 | D:1      | Reached XP level 3. HP: 26/31 MP: 3/6
  1100 | D:1      | Learned a level 3 spell: Spider Form
  1204 | D:2      | Found a broken altar of Ashenzari.
  1489 | D:2      | Reached skill level 1 in Poison Magic
  1785 | D:2      | Reached XP level 4. HP: 28/38 MP: 5/7
  1884 | D:2      | Found a shimmering blue altar of Sif Muna.
  2374 | D:3      | Found a hide-covered altar of Uskayaw.
  2547 | D:3      | Reached XP level 5. HP: 34/44 MP: 1/8
  2646 | D:3      | Noticed Robin
  2894 | D:3      | Killed Robin
  3013 | D:3      | Found a snail-covered altar of Cheibriados.
  3079 | D:3      | Became a worshipper of Cheibriados the Contemplative
  3424 | D:3      | Found a bloodstained altar of Trog.
  3424 | D:3      | Found a stormy altar of Qazlal.
  3863 | D:4      | Found a basalt altar of Yredelemnul.
  3905 | D:4      | Killed from afar by an orc priest

Illustrated notes

Levels and vault maps discovered:
D:1:      dpeg_arrival_lava_altar, layout_basic
D:2:      layout_rooms, ashenzari_altar_1, kennysheep_path_1, led_sif_pool
D:3:      layout_rooms, marbit_many_paths, nicolae_overflow_hidden_temple,
          gammafunk_temple_overflow_elements, lemuel_doored_altar, st_stairs_6,
          grunt_ministairs_1, kennysheep_generic_room_3, uniq_robin
D:4:      layout_basic, nicolae_overflow_crystal_walls, temple_green

Skill      XL: |  1  2  3  4  5 |
---------------+----------------+-----
Transmutations | 3 4 |  4.4
Poison Magic   | 1 2 3 |  3.0
Unarmed Combat | 4 |  4.0
Fighting       | |  1.0
Dodging        | |  1.5
Spellcasting   | |  2.0

Action                   |  1- 3 |  4- 6 || total
-------------------------+-------+-------++-------
Melee: Unarmed           |    94 |    91 ||   185
       Punch             |     4 |     1 ||     5
       Headbutt          |     6 |     2 ||     8
 Cast: Beastly Appendage |    18 |     7 ||    25
       Spider Form       |     1 |    10 ||    11
 Abil: Spit Poison       |    16 |    11 ||    27
  Use: Potion            |     2 |     3 ||     5
       Scroll            |       |     5 ||     5
 Stab: Sleeping          |       |     1 ||     1
Armor: Robe              |    33 |     9 ||    42
       Skin              |     1 |     5 ||     6
Dodge: Dodged            |   101 |   123 ||   224

Table legend: (Time is in decaauts)
 A = Elapsed time spent in this place.
 B = Non-inter-level travel time spent in this place.
 C = Inter-level travel time spent in this place.
 D = Time resting spent in this place.
 E = Time spent auto-exploring this place.
 F = Levels seen in this place.
 G = Mean time per level.
                   A        B        C        D        E       F      G
               +--------+--------+--------+--------+--------+-----+--------+
         Total |   4576 |   4512 |     64 |    491 |   3445 |   4 | 1144.0 |
       Dungeon |   4576 |   4512 |     64 |    491 |   3445 |   4 | 1144.0 |
               +--------+--------+--------+--------+--------+-----+--------+

Top non-repeatable levels by time:
     D:3: 1853 daAuts
     D:1: 1431 daAuts
     D:2: 1221 daAuts
     D:4: 71 daAuts
